 Dungeon Crawl Stone Soup version 0.25.1-2-g60ff931df9 (webtiles) character file.

Game seed: 14273160625119978130

61 Martska the Skirmisher (level 4, -3/42 HPs)
             Began as a Naga Fighter on Aug 15, 2020.
             Killed from afar by Robin (5 damage)
             ... with a puff of flame
             ... on level 2 of the Dungeon.
             The game lasted 00:02:24 (1900 turns).

Martska the Skirmisher (Naga Fighter)               Turns: 1900, Time: 00:02:24

Health: -3/42      AC:  6    Str: 19    XL:     4   Next: 7%
Magic:  5/5        EV:  5    Int:  9    God:
Gold:   96         SH:  8    Dex: 10    Spells: 4/4 levels left

rFire    . . .     SeeInvis +   a - +0 trident
rCold    . . .     Gourm    .   c - +0 kite shield
rNeg     . . .     Faith    .   b - +0 scale mail
rPois    +         Spirit   .   i - +0 helmet
rElec    .         Reflect  .   (no cloak)
rCorr    .         Harm     .   (no gloves)
MR       .....                  (no barding)
Stlth    ..........             (no amulet)
HPRegen  0.14/turn              (no ring)
MPRegen  0.09/turn              (no ring)

@: mighty, very slow
A: large, see invisible, deformed body, poison resistance, slowness 2, slow
metabolism 1, spit poison 1, AC +1
a: Spit Poison


You were on level 2 of the Dungeon.
You were hungry.

You visited 1 branch of the dungeon, and saw 2 of its levels.

You collected 96 gold pieces.

Inventory:

Hand Weapons
 a - a +0 trident (weapon)
Armour
 b - a +0 scale mail (worn)
 c - a +0 kite shield (worn)
 i - a +0 helmet (worn)
Jewellery
 k - a -4 ring of dexterity
Scrolls
 e - a scroll of fear {unknown}
 g - 4 scrolls of remove curse
 h - a scroll of teleportation {unknown}
 m - 2 scrolls of identify {unknown}
 o - a scroll of fog {unknown}
Potions
 j - a potion of curing {unknown}
 l - a potion of degeneration {unknown}
 n - 2 potions of stabbing {unknown}
 p - a potion of flight {unknown}
 q - a potion of ambrosia {unknown}
Comestibles
 f - 2 rations


   Skills:
 * Level 3.4 Fighting
 * Level 2.7 Polearms
 + Level 2.5 Armour
 * Level 1.1 Dodging
 + Level 2.6 Shields
 + Level 0.7 Spellcasting


You had 4 spell levels left.
You didn't know any spells.
Your spell library was empty.

Dungeon Overview and Level Annotations

Branches:
Dungeon (2/15)

Altars:

Annotations:
D:2 Robin


Innate Abilities, Weirdness & Mutations

You cannot wear boots.
Your serpentine skin is tough. (AC +1)
You have supernaturally acute eyesight. (SInv)
Armour fits poorly on your strangely shaped body.
Your system is resistant to poisons. (rPois)
You cover ground very slowly.
You have a slow metabolism.
You can spit poison.


Message History

Press: ? - help, Dir - move target cursor, f - goblin
Aim: a goblin (strong)
You hit the goblin but do no damage. The goblin hits you but does no damage.
You block Robin's attack.
Attack whom?
Press: ? - help, Dir - move target cursor, f/p - goblin
Aim: a goblin (strong)
You closely miss the goblin. The goblin barely misses you.
Robin zaps a wand.
The puff of flame hits you!
* * * LOW HITPOINT WARNING * * *
You feel very mighty all of a sudden. You block the goblin's attack.
Robin zaps a wand.
The puff of flame hits you.
* * * LOW HITPOINT WARNING * * *
Attack whom?
Press: ? - help, Dir - move target cursor, f - Robin, p - goblin
Aim: Robin, wielding a +0 mace, wearing a cursed +0 animal skin, wearing a +0 helmet and carrying a wand of flame (22)
Your shield and scale mail prevent you from hitting Robin.
The goblin hits you but does no damage.
Robin zaps a wand.
The puff of flame hits you.
You die...

####### ......# #####.#
#.################ #### ##
#.#........g@g)..##.....
.####.#.##.#######........#
...........# ###)##.#.#
........#### #.# #####...#
.g. ### #...# g.... ..#
#...# g#..... #.# #...#
#.#...... #.###...# #
#.......


You could see Robin and a goblin (strong).

Vanquished Creatures
  An adder (D:2)
  2 oozes
  A worm (D:2)
  A dart slug (D:1)
  2 leopard geckos (D:1)
  4 bats (D:1)
  2 giant cockroaches (D:1)
  8 goblins (D:2)
  2 hobgoblins
  2 jackals (D:2)
  A ball python (D:1)
  3 frilled lizards (D:1)
  5 kobolds (D:1)
  A rat (D:1)
35 creatures vanquished.

Notes
Turn   | Place    | Note
-------+----------+-------------------------------------------
     0 | D:1      | Martska the Naga Fighter began the quest for the Orb.
     0 | D:1      | Reached XP level 1. HP: 21/21 MP: 1/1
   252 | D:1      | Reached XP level 2. HP: 24/28 MP: 2/2
   932 | D:1      | Reached XP level 3. HP: 27/34 MP: 3/3
  1596 | D:2      | Reached skill level 1 in Dodging
  1878 | D:2      | Noticed Robin
  1884 | D:2      | Reached XP level 4. HP: 39/42 MP: 5/5
  1899 | D:2      | HP: 2/42 [Robin/puff of flame (6)]
  1900 | D:2      | Killed from afar by Robin

Illustrated notes

Levels and vault maps discovered:
D:1:      elethiomel_arrival_infinity_welcomes_careful_drivers,
          layout_loops_ring, serial_glass, glass_columns_a, glass_columns_c,
          glass_columns_a, glass_columns_b, glass_columns_b, glass_columns_c,
          minmay_misc_feat_columns
D:2:      layout_loops_ring, first_ration, uniq_robin

Skill      XL: |  1  2  3 |
---------------+----------+-----
Dodging        | 1 |  1.1
Fighting       | |  3.4
Polearms       | |  2.7
Armour         | |  2.5
Shields        | |  2.6
Spellcasting   | |  0.7

Action                   |  1- 3 |  4- 6 || total
-------------------------+-------+-------++-------
Melee: Trident           |   123 |    15 ||   138
 Abil: Spit Poison       |     4 |     1 ||     5
  Use: Scroll            |     1 |       ||     1
       Potion            |       |     1 ||     1
  Eat: Chunk             |     2 |       ||     2
Armor: Scale mail        |    50 |    10 ||    60
Dodge: Dodged            |    26 |     6 ||    32
Block: Kite shield       |    43 |    12 ||    55
